 Dungeon Sprint DCSS version 0.20-b1-24-gb21faa7 (webtiles) character file.

870 potatolord6000 the Fighter (level 7, -1/63 HPs)
             Began as a Demonspawn Gladiator on May 25, 2017.
             Was an Initiate of Gozag.
             Slain by a catoblepas (7 damage)
             ... in the Dungeon (Sprint IX: "|||||||||||||||||||||||||||||").
             The game lasted 00:01:51 (595 turns).

potatolord6000 the Fighter (Demonspawn Gladiator)    Turns: 595, Time: 00:01:52

Health: -1/63      AC: 19    Str: 16    XL:     7   Next: 73%
Magic:  0/7        EV:  2    Int: 16    God:    Gozag
Gold:   540        SH:  0    Dex: 14    Spells: 6/6 levels left

rFire    . . .     SeeInvis .   n - +2 scimitar (protect)
rCold    . . .     Gourm    .   (no shield)
rNeg     + + +     Faith    .   p - +2 ring mail
rPois    ∞         Spirit   .   c - +0 helmet
rElec    .         Reflect  .   (no cloak)
rCorr    .         Harm     .   o - +0 pair of gloves
MR       .....     NoTele   +   a - +0 pair of boots
Stlth    +++.......             (no amulet)
Regen    0.2/turn               b - +3 ring of intelligence
MPRegen  0.1/turn               d - +3 ring of intelligence

@: petrified, protection aura
A: talons 2, demonic guardian 1, nightstalker 2
a: Potion Petition, Call Merchant, Bribe Branch, Renounce Religion


You were in the Dungeon.
You worshipped Gozag.
Gozag was pleased with you.
You were not hungry.

You visited 1 branch You collected 540 gold pieces.

Inventory:

Hand Weapons
 n - a +2 scimitar of protection (weapon)
Armour
 a - a +0 pair of boots (worn)
 c - a +0 helmet (worn)
 o - a +0 pair of gloves (worn)
 p - a +2 ring mail (worn)
Jewellery
 b - a +3 ring of intelligence (left hand)
 d - a +3 ring of intelligence (right hand)
Scrolls
 k - 2 scrolls of blinking
 l - 3 scrolls of remove curse
 m - 2 scrolls of amnesia
Potions
 h - 4 potions of curing
 i - 4 potions of magic
Comestibles
 f - a bread ration


   Skills:
 + Level 8.7 Fighting
 + Level 8.3 Long Blades
 - Level 1.7 Throwing
 + Level 7.7 Armour
 + Level 8.4 Dodging


You had 6 spell levels left.
You didn't know any spells.

Dungeon Overview and Level Annotations

Branches:
Dungeon (1/1)

Altars:
Cheibriados
Dithmenos
Elyvilon
Fedhas
Gozag
Hepliaklqana
Kikubaaqudgha
Makhleb
Nemelex Xobeh
Okawaru
Qazlal
Ru
Sif Muna
Trog
Uskayaw
Vehumet
Xom
Yredelemnul
Zin
The Shining One
Beogh
Jiyva
Lugonu


Innate Abilities, Weirdness & Mutations

You have razor-sharp toenails.
A weak demonic guardian rushes to your aid.
You are significantly more attuned to the shadows.


Message History

The blast of calcifying dust hits your iron imp.
The blast of calcifying dust hits your shadow imp.
Your iron imp is engulfed in calcifying dust.
You hit the catoblepas.
The catoblepas is moderately wounded.
You are engulfed in calcifying dust.
Your limbs have turned to stone.
The catoblepas gores you but does no damage.
Your shadow imp is engulfed in calcifying dust.
Your shadow imp is moving more slowly.
Your iron imp is engulfed in calcifying dust.
The crimson imp blinks!
The catoblepas gores you!!
* * * LOW HITPOINT WARNING * * *
You have turned to stone.
You are engulfed in calcifying dust.
Your shadow imp is engulfed in calcifying dust.
Your shadow imp stops moving altogether!
Your iron imp is engulfed in calcifying dust.
The catoblepas gores you!
You die...
Your body crumbles into a pile of gold.

▓5▓
▓G▓
▓{▓
▓J▓
▓Y▓
▓@▓
▓5▓
▓5▓
$
▓.▓
$
▓.▓
$
▓.▓
$
▓.▓
$
▓)▓
$
▓)▓
$


You could see a catoblepas, an eye of draining shaped shifter, a jelly, a
crimson imp, a friendly iron imp (petrified) and a friendly shadow imp
(petrified).

Vanquished Creatures
  A two-headed ogre (D)
  An ogre (D)
  A centaur (D)
  A crimson imp (D)
  A shadow imp (D)
  A dart slug (D)
  A leopard gecko (D)
  An orc (D)
  3 bats (D)
  A bat skeleton (D)
  A bat zombie (D)
  A giant cockroach (D)
  A goblin (D)
  A quokka (D)
16 creatures vanquished.

Vanquished Creatures (others)
  A crimson imp (D)
1 creature vanquished.

Grand Total: 17 creatures vanquished

Notes
Turn   | Place    | Note
-------+----------+-------------------------------------------
     0 | D        | potatolord6000 the Demonspawn Gladiator began the quest for the Orb.
     0 | D        | Reached XP level 1. HP: 16/16 MP: 1/1
     9 | D        | Reached skill level 1 in Armour
   139 | D        | Noticed a centaur
   151 | D        | Killed a centaur
   151 | D        | Gained mutation: You have sharp toenails. [demonic ancestry]
   151 | D        | Reached XP level 2. HP: 16/26 MP: 2/2
   151 | D        | Gained mutation: A weak demonic guardian rushes to your aid. [demonic ancestry]
   151 | D        | Reached XP level 3. HP: 19/31 MP: 3/3
   151 | D        | Gained mutation: You have razor-sharp toenails. [demonic ancestry]
   151 | D        | Reached XP level 4. HP: 23/38 MP: 4/4
   178 | D        | Found a roughly hewn altar of Beogh.
   178 | D        | Found a snail-covered altar of Cheibriados.
   178 | D        | Found a shadowy altar of Dithmenos.
   178 | D        | Found a white marble altar of Elyvilon.
   178 | D        | Found a blossoming altar of Fedhas.
   178 | D        | Found an opulent altar of Gozag.
   179 | D        | Found a hazy altar of Hepliaklqana.
   180 | D        | Found a viscous altar of Jiyva.
   181 | D        | Found an ancient bone altar of Kikubaaqudgha.
   199 | D        | Found a corrupted altar of Lugonu.
   200 | D        | Found a burning altar of Makhleb.
   201 | D        | Found a sparkling altar of Nemelex Xobeh.
   202 | D        | Found an iron altar of Okawaru.
   203 | D        | Became a worshipper of Gozag Ym Sagoz the Greedy
   204 | D        | Found a stormy altar of Qazlal.
   205 | D        | Found a sacrificial altar of Ru.
   206 | D        | Found a deep blue altar of Sif Muna.
   207 | D        | Found a bloodstained altar of Trog.
   208 | D        | Found a hide-covered altar of Uskayaw.
   209 | D        | Found a radiant altar of Vehumet.
   211 | D        | Found a shimmering altar of Xom.
   212 | D        | Found a basalt altar of Yredelemnul.
   213 | D        | Found a glowing silver altar of Zin.
   214 | D        | Found a glowing golden altar of the Shining One.
   334 | D        | Noticed an ogre
   334 | D        | Noticed a two-headed ogre
   340 | D        | Killed a two-headed ogre
   340 | D        | Gained mutation: You are slightly more attuned to the shadows. [demonic ancestry]
   340 | D        | Reached XP level 5. HP: 19/51 MP: 5/5
   340 | D        | Gained mutation: You are significantly more attuned to the shadows. [demonic ancestry]
   340 | D        | Reached XP level 6. HP: 22/57 MP: 6/6
   340 | D        | Reached XP level 7. HP: 24/63 MP: 7/7
   561 | D        | Noticed a catoblepas
   562 | D        | Noticed a tarantella
   582 | D        | a tarantella changed into an eye of draining
   595 | D        | Slain by a catoblepas

Skill      XL: |  1  2  3  4 |
---------------+-------------+-----
Long Blades    | 4 8 |  8.3
Armour         | 3 7 |  7.7
Dodging        | 4 8 |  8.4
Fighting       | 4 8 |  8.7
Throwing       | |  1.7

Action                   |  1- 3 |  4- 6 |  7- 9 || total
-------------------------+-------+-------+-------++-------
Melee: Long sword        |    19 |    21 |       ||    40
       Kick              |       |     8 |       ||     8
       Scimitar          |       |     4 |    18 ||    22
  Use: Potion            |     2 |     2 |     3 ||     7
 Stab: Invisible         |       |     1 |     2 ||     3
Armor: Leather armour    |     5 |     3 |       ||     8
       Ring mail         |       |       |    13 ||    13
Dodge: Dodged            |    17 |    15 |     6 ||    38
       Rpst.: Long sword |     6 |     3 |       ||     9
       Scimitar          |       |       |     1 ||     1
